 Dungeon Crawl Stone Soup version 0.20-a0-1000-g0e8f6bb (webtiles) character file.

10085 nikopol the Cleaver (level 11, -12/69 HPs)
             Began as a Gargoyle Berserker on Apr 12, 2017.
             Was a High Priest of Trog.
             Headbutted by a minotaur (14 damage)
             ... in a labyrinth.
             The game lasted 00:26:23 (10106 turns).

nikopol the Cleaver (Gargoyle Berserker)           Turns: 10106, Time: 00:26:24

Health: -12/69     AC: 23    Str: 26    XL:     11   Next: 56%
Magic:  11/11      EV: 13    Int:  7    God:    Trog [*****.]
Gold:   483        SH:  0    Dex: 12    Spells: 10/10 levels left

rFire    . . .     SeeInvis .   a - +0 war axe
rCold    . . .     Gourm    .   (no shield)
rNeg     + . .     Faith    .   r - +2 scale mail {rPois}
rPois    ∞         Spirit   .   (no helmet)
rElec    +         Reflect  .   G - +2 cloak
rCorr    +         Harm     .   M - +1 pair of gloves
MR       .....                  (no boots)
Stlth    ..........             H - amulet "Zugeskue" {RegenMP Str+4}
Regen    0.3/turn               B - ring of resist corrosion
MPRegen  0.2/turn               (no ring)

@: exhausted, slowed, very slow
A: negative energy resistance 1, electricity resistance, unbreathing,
petrification resistance, rot immunity, AC +7
a: Berserk, Trog's Hand, Brothers in Arms, Burn Spellbooks, Renounce Religion


You were in a labyrinth.
You worshipped Trog.
Trog was extremely pleased with you.
You were hungry.

You visited 2 branches of the dungeon, and saw 11 of its levels.
You also visited: Labyrinth.

You collected 483 gold pieces.

Inventory:

Hand Weapons
 a - a +0 war axe (weapon)
 z - a +0 shortbow
 Q - a +4 morningstar
Missiles
 h - 169 arrows (quivered)
Armour
 r - a +2 scale mail of poison resistance (worn)
 G - a +2 cloak (worn)
 M - a +1 pair of gloves (worn)
 O - a +1 ring mail of fire resistance
Jewellery
 n - an uncursed ring of protection from cold
 q - a +3 ring of protection
 B - a ring of resist corrosion (left hand)
 H - the amulet "Zugeskue" (around neck) {RegenMP Str+4}
   (You found it on level 7 of the Dungeon)

   [amulet of magic regeneration]

   It increases your magic regeneration.
   It affects your strength (+4).
Scrolls
 d - a scroll of enchant weapon {unknown}
 e - a scroll of blinking
 t - 2 scrolls of remove curse
 C - 2 scrolls of enchant armour
 E - a scroll of magic mapping
 K - a scroll of acquirement {unknown}
 P - a scroll of immolation {unknown}
 R - a scroll of fear {unknown}
 T - a scroll of random uselessness {unknown}
Potions
 i - 2 potions of heal wounds
 k - 3 potions of brilliance
 o - a potion of invisibility {unknown}
 J - a potion of berserk rage {unknown}
 L - 4 potions of curing
 N - a potion of mutation {unknown}
Comestibles
 b - 3 chunks of flesh
 c - 8 bread rations
 f - 10 meat rations
 m - 4 royal jellies
 A - 9 fruits


   Skills:
 + Level 8.6 Fighting
 * Level 9.0 Axes
 * Level 8.6 Bows
 + Level 8.3 Armour
 + Level 6.4 Dodging


You had 10 spell levels left.
You didn't know any spells.

Dungeon Overview and Level Annotations

Branches:
Dungeon (10/15)            Temple (0/1) D:5            Lair (1/6) D:9
    Orc: D:9-12

Altars:
Dithmenos
Elyvilon
The Shining One

Shops:
D:7 (


Innate Abilities, Weirdness & Mutations

You are resistant to torment.
Your stone body is resilient. (AC +7)
You are immune to poison.
You resist negative energy. (rN+)
You are resistant to electric shocks. (rElec)
You can survive without breathing.
You are immune to petrification.
You are immune to rotting.


Message History

The minotaur headbutts you, but does no damage.
The minotaur hits you!! The minotaur misses you.
You slash the minotaur!
The minotaur is lightly wounded.
The minotaur hits you!!
* * * LOW HITPOINT WARNING * * *
The minotaur gores you.
* * * LOW HITPOINT WARNING * * *
The minotaur completely misses you.
The minotaur gores you but does no damage.
You slice the minotaur!!
The minotaur is moderately wounded.
The minotaur closely misses you.
The minotaur gores you but does no damage.
The minotaur hits you.
* * * LOW HITPOINT WARNING * * *
The minotaur gores you but does no damage.
You closely miss the minotaur.
The minotaur furiously retaliates!
The minotaur headbutts you!
You die...

# .# ...
### .
###########
.. . .....#
#. # ##
##.#.###.#
# #..#. .
.#.# #.# #
#.#.### #
#.# #.
#.......#
#.# . # ###
# #### ##
#@# ..# #
#H# . ###
#.#### ..#
## # ..
#....# .#.#
# ## #.
.####
#.#.#.. .
### # #<#.
..# # ##
#### # ...
. . ... ..#
#.#.# # # #
#.


You could see a minotaur.

Vanquished Creatures
  Erica (D:8)
  2 two-headed ogres (D:8)
  Joseph (D:7)
  Maurice (D:8)
  A komodo dragon (D:9)
  A merfolk (D:9)
  A troll (D:8)
  Sigmund (D:6)
  6 yaks (Lair:1)
  A wyvern (D:8)
  Grum (D:8)
  Duvessa (D:7)
  A black bear (D:9)
  7 ice beasts
  2 orc warriors (D:8)
  A phantom (D:4)
  An eye of draining (D:9)
  A necrophage (D:7)
  5 centaurs
  4 ogres
  4 wolves (D:8)
  2 crocodiles (Lair:1)
  A big kobold (D:9)
  Blork the orc (D:6)
  Dowan (D:7)
  2 bullfrogs
  7 scorpions
  13 killer bees
  3 wights (D:8)
  5 howler monkeys
  2 crimson imps (D:5)
  A quasit (D:10)
  A gnoll shaman (D:8)
  3 jellies
  A bullfrog zombie (D:9)
  3 hounds
  5 orc priests
  10 orc wizards
  A bullfrog skeleton (D:5)
  An iguana (D:9)
  8 worker ants
  A howler monkey skeleton (D:8)
  2 worker ant zombies
  13 gnolls
  12 adders
  2 shadow imps (D:9)
  2 oozes
  4 worms
  2 dart slugs
  2 leopard geckos
  31 orcs
  5 bats
  6 giant cockroaches
  9 goblins
  5 hobgoblins
  3 jackals (D:6)
  12 quokkas
  A ball python (D:2)
  3 frilled lizards
  12 kobolds
  2 leopard gecko skeletons
  3 quokka skeletons
  A quokka zombie (D:8)
  6 rats
254 creatures vanquished.

Vanquished Creatures (others)
  A bullfrog (D:8)
  An orc wizard (D:3)
  A plant (D:9)
3 creatures vanquished.

Grand Total: 257 creatures vanquished

Notes
Turn   | Place    | Note
-------+----------+-------------------------------------------
     0 | D:1      | nikopol the Gargoyle Berserker began the quest for the Orb.
     0 | D:1      | Reached XP level 1. HP: 14/14 MP: 1/1
   188 | D:1      | Reached XP level 2. HP: 19/19 MP: 2/2
   402 | D:1      | Reached skill level 3 in Axes
   402 | D:1      | Reached XP level 3. HP: 24/24 MP: 3/3
   832 | D:2      | Reached XP level 4. HP: 28/29 MP: 4/4
   841 | D:2      | Reached ** piety under Trog
  1097 | D:3      | Reached XP level 5. HP: 27/33 MP: 5/5
  2212 | D:4      | Reached XP level 6. HP: 39/39 MP: 6/6
  2251 | D:4      | Noticed a phantom
  2326 | D:4      | Killed a phantom
  2326 | D:4      | Reached skill level 4 in Axes
  2621 | D:4      | Reached skill level 5 in Fighting
  2621 | D:4      | Reached XP level 7. HP: 32/44 MP: 7/7
  2687 | D:4      | Reached *** piety under Trog
  2871 | D:4      | Found a shadowy altar of Dithmenos.
  3133 | D:5      | Entered Level 5 of the Dungeon
  3181 | D:5      | Reached skill level 5 in Armour
  3181 | D:5      | Reached XP level 8. HP: 51/51 MP: 8/8
  3218 | D:5      | Reached skill level 5 in Axes
  3288 | D:5      | Reached skill level 1 in Bows
  3612 | D:5      | Found a staircase to the Ecumenical Temple.
  3954 | D:5      | Reached **** piety under Trog
  4252 | D:6      | Noticed Blork the orc
  4264 | D:6      | Killed Blork the orc
  4550 | D:6      | Noticed Sigmund
  4567 | D:6      | Killed Sigmund
  4567 | D:6      | Reached XP level 9. HP: 56/56 MP: 9/9
  4614 | D:6      | Reached skill level 6 in Axes
  4862 | D:7      | Found a white marble altar of Elyvilon.
  4893 | D:7      | Got a translucent amethyst amulet
  4894 | D:7      | Identified the amulet "Zugeskue" {RegenMP Str+4} (You found it on level 7 of the Dungeon)
  5067 | D:7      | Noticed Joseph
  5084 | D:7      | Killed Joseph
  5084 | D:7      | Reached skill level 5 in Dodging
  5286 | D:7      | Found Pibeacad's Antique Weapon Shop.
  5346 | D:7      | Reached skill level 5 in Bows
  5432 | D:7      | Noticed Dowan
  5433 | D:7      | Noticed Duvessa
  5453 | D:7      | Killed Duvessa
  5458 | D:7      | Killed Dowan
  5751 | D:8      | Noticed Erica
  5753 | D:8      | Noticed Maurice
  5792 | D:8      | Noticed a troll
  5816 | D:8      | Killed a troll
  5816 | D:8      | Reached skill level 7 in Axes
  5823 | D:8      | Killed Maurice
  5823 | D:8      | Reached XP level 10. HP: 46/63 MP: 10/10
  5836 | D:8      | Noticed a two-headed ogre
  5958 | D:7      | Received a gift from Trog
  6013 | D:8      | Killed Erica
  6245 | D:8      | Killed a two-headed ogre
  6360 | D:8      | Found a glowing golden altar of the Shining One.
  6677 | D:8      | Noticed a two-headed ogre
  6694 | D:8      | Killed a two-headed ogre
  6695 | D:8      | Reached skill level 8 in Axes
  7196 | D:8      | Received a gift from Trog
  7288 | D:8      | Noticed Grum
  7296 | D:8      | Reached XP level 11. HP: 34/68 MP: 11/11
  7300 | D:8      | Killed Grum
  7924 | D:8      | Reached ***** piety under Trog
  8715 | D:9      | Found a staircase to the Lair.
  9650 | D:10     | Entered Level 10 of the Dungeon
  9812 | Lair:1   | Entered Level 1 of the Lair of Beasts
  9896 | Lair:1   | Reached skill level 9 in Axes
  9955 | Lair:1   | Found a labyrinth entrance.
  9964 | Lab      | Entered a labyrinth
 10097 | Lab      | Noticed a minotaur
 10105 | Lab      | HP: 2/69 [minotaur (2)]
 10106 | Lab      | Headbutted by a minotaur

Vault maps used:
D:1:      dpeg_arrival_pits, hangedman_decor_points, minmay_misc_feat_doors
D:2:      hangedman_decor_growths
D:3:      first_bread
D:4:      kennysheep_little_box
D:5:      minmay_temple_entry_mist, minmay_misc_feat_room
D:6:      uniq_blork_the_orc, uniq_sigmund
D:7:      serial_shops, shop, elyvilon_altar_3, uniq_duvessa, uniq_joseph
D:8:      basic_altar, uniq_maurice, uniq_grum, uniq_erica
D:9:      david_lair_shrubbed, hangedman_fish_farm
Lair:1:   lab_entry_generic, uniq_sonja
Lab:      labyrinth_mini_lab, labyrinth_glass_1, nicolae_lab_swirl,
          labyrinth_skeletal_remains, nicolae_lab_hexagon, nicolae_lab_do_over,
          nicolae_lab_quarters, nicolae_lab_grate, nicolae_lab_diamond,
          nicolae_lab_big_swirl, lab_hedge

Skill      XL: |  1  2  3  4  5  6  7  8  9 10 11 |
---------------+----------------------------------+-----
Axes           | 3 4 5 7 8 9 |  9.0
Dodging        | 2 3 4 5 6 |  6.4
Fighting       | 4 5 6 7 8 |  8.6
Armour         | 3 4 5 6 7 8 |  8.3
Bows           | 3 5 7 8 |  8.6

Action                   |  1- 3 |  4- 6 |  7- 9 | 10-12 || total
-------------------------+-------+-------+-------+-------++-------
Melee: Hand axe          |    64 |   258 |   108 |       ||   430
       War axe           |       |       |   187 |   327 ||   514
 Fire: Shortbow          |       |       |   159 |   183 ||   342
Invok: Berserk           |     1 |     1 |     5 |     6 ||    13
  Use: Scroll            |       |       |       |    13 ||    13
  Eat: Chunk             |     1 |     7 |    14 |    19 ||    41
Armor: Animal skin       |     1 |       |       |       ||     1
       Ring mail         |    15 |    48 |       |       ||    63
       Scale mail        |       |    67 |   191 |   288 ||   546
Dodge: Dodged            |    42 |   134 |   209 |   329 ||   714
